 Dungeon Crawl Stone Soup version 0.30-a0-241-g1121274140 (webtiles) character file.

Game seed: 369172353062740694

643 KennySheep the Ruffian (level 7, -3/53 HPs)
             Began as a Demigod Transmuter on Oct 10, 2022.
             Slain by a gnoll sergeant
             ... wielding a +0 spear
              (14 damage)
             ... on level 5 of the Dungeon on Oct 11, 2022.
             The game lasted 00:23:58 (5479 turns).

KennySheep the Ruffian (Demigod Transmuter)         Turns: 5479, Time: 00:23:59

Health: -3/53      AC:  2    Str: 19    XL:     7   Next: 5%
Magic:  3/12       EV: 20    Int: 15    God:
Gold:   222        SH:  0    Dex: 19    Spells: 3/9 levels left

rFire   . . .      SeeInvis .      - Unarmed
rCold   . . .      Faith    .    (shield currently unavailable)
rNeg    . . .      Spirit   .    (body armour currently unavailable)
rPois   x          Reflect  .    (helmet currently unavailable)
rElec   .          Harm     .    (cloak currently unavailable)
rCorr   .          Rampage  .    (gloves currently unavailable)
Will    .....                    (boots currently unavailable)
Stlth   ++........               c - amulet of regeneration
HPRegen 0.28/turn                (no ring)
MPRegen 0.13/turn                (no ring)

@: spider-form, wereblooded, very slightly contaminated
A: venomous fangs, tiny, high MP 1, forlorn, divine attributes
a: End Transformation


You were on level 5 of the Dungeon.
You were a venomous arachnid creature.
You visited 1 branch of the dungeon, and saw 5 of its levels.
You also visited: Sewer.

You collected 222 gold pieces.

Inventory:

Armour
 a - a +0 robe (melded)
 d - a +0 cloak (melded)
Jewellery
 c - an amulet of regeneration (around neck)
 f - a ring of ice
 u - a ring of positive energy
Scrolls
 b - 3 scrolls of enchant weapon {unknown}
 e - 2 scrolls of fear
 g - a scroll of brand weapon {unknown}
 i - a scroll of blinking {unknown}
 m - a scroll of butterflies
 o - 2 scrolls of identify {unknown}
 p - a scroll of noise {unknown}
 q - a scroll of torment {unknown}
 r - a scroll of summoning {unknown}
 t - a scroll of enchant armour {unknown}
Potions
 h - a potion of might {unknown}
 j - a potion of invisibility {unknown}
 k - a potion of cancellation {unknown}
 l - 4 potions of curing
 n - a potion of brilliance {unknown}
 s - a potion of mutation {unknown}


   Skills:
 + Level 1.8 Fighting
 + Level 2.4 Dodging
 * Level 4.6 Unarmed Combat
 - Level 1.7 Spellcasting
 + Level 4.4 Transmutations
 - Level 3.5 Poison Magic


You had 3 spell levels left.
You knew the following spells:

 Your Spells              Type           Power      Damage    Failure   Level
a - Beastly Appendage     Tmut           28%        N/A       12%         1
b - Wereblood             Tmut           14%        N/A       16%         2
z - Spider Form           Tmut/Pois      13%        N/A       30%         3

Your spell library contained the following spells:

 Spells                   Type           Power      Damage    Failure   Level
 Summon Small Mammal      Summ           4%         N/A       43%         1
 Call Canine Familiar     Summ           1%         N/A       77%         3
 Summon Guardian Golem    Hex/Summ       1%         N/A       77%         3
 Ice Form                 Ice/Tmut       8%         N/A       83%         4
 Summon Ice Beast         Ice/Summ       1%         N/A       98%         4
 Summon Mana Viper        Hex/Summ       1%         N/A       100%        5
 Monstrous Menagerie      Summ           0%         N/A       100%        7


Dungeon Overview and Level Annotations

Branches:
Dungeon (5/15)             Temple (0/1) D:4           Sewer (visited)

Shops:
D:3 (

Annotations:
D:3 1 runed translucent door, Crazy Yiuf


Innate Abilities, Weirdness & Mutations

You are a venomous arachnid creature.
You have poisonous fangs.
You are tiny and dextrous.
Your spellcasting is less reliable in this form.
Your armour is entirely melded.
You are incapable of wielding weapons or throwing items.
You have an increased reservoir of magic. (+10% MP)
You shall have no god before yourself.
Your divine heritage dramatically boosts your attributes as you level up.


Message History

The scorpion is almost dead.
The scorpion closely misses you. The gnoll sergeant misses you.
The gnoll shouts!
You hit the scorpion but do no damage. You claw the scorpion.
You feel a bit better.
You kill the scorpion!
The gnoll sergeant hits you from afar with a +0 spear!
You have reached level 7!
The gnoll closely misses you. The gnoll sergeant barely misses you.
You completely miss the gnoll sergeant. Your kick misses the gnoll sergeant.
The gnoll hits you from afar with a +0 spear.
The gnoll sergeant barely misses you.
Casting: Beastly Appendage (safe; 3% risk of failure)
Confirm with . or Enter, or press ? or * to list all spells.
You miscast Spider Form.
You are very lightly contaminated with residual magic.
Nothing appears to happen.
A gnoll comes into view. It is wielding a +0 spear.
The gnoll hits you from afar with a +0 spear.
The gnoll closely misses you.
The gnoll sergeant hits you with a +0 spear.
Casting: Spider Form (dangerous; 13% risk of failure)
Confirm with . or Enter, or press ? or * to list all spells.
Your horns disappear.
Your talons disappear.
You turn into a venomous arachnid creature.
Your +0 cloak melds into your body.
Your +0 robe melds into your body.
The gnoll shouts!
The gnoll misses you.
The gnoll sergeant hits you with a +0 spear!
The gnoll closely misses you.
You hit the gnoll sergeant.
The gnoll sergeant is poisoned.
The gnoll sergeant is lightly wounded.
You bite the gnoll sergeant!
The gnoll sergeant looks as sick as possible!
The gnoll sergeant is heavily wounded.
The gnoll hits you from afar with a +1 vorpal spear.
* * * LOW HITPOINT WARNING * * *
x2 The gnoll completely misses you.
The gnoll sergeant hits you with a +0 spear!
You die...

###### ##....### g.#
###.......## ..#
########....####..##
..# #..[.......##
##..##
..##...........##
##..###
.....###...(...#
##>... #...
#...###..# ##.##
##..# ##s## #..# ###
..###...# #g## #...
#.......## #gg# #...
##.......# #g.# ...
# #.......## ##..#
## #...#....g###..##
#. ..###......#..##
#. . #........## #.
#..###....# #


You could see a gnoll sergeant (extremely poisoned) and 3 gnolls.

Vanquished Creatures
  An ogre (D:3)
  A kobold brigand (Sewer)
  2 scorpions (D:5)
  A jelly (D:5)
  A hound (D:5)
  2 orc wizards (D:4)
  Robin (D:2)
  4 gnolls (D:2)
  6 adders
  4 river rats (Sewer)
  A worm (D:2)
  2 dart slugs
  4 orcs
  13 ball pythons
  4 endoplasms
  5 giant cockroaches
  18 goblins
  6 hobgoblins
  6 jackals
  5 quokkas
  6 bats
  7 frilled lizards
  9 kobolds
  5 rats
114 creatures vanquished.

Vanquished Creatures (others)
  9 plants (Sewer)
9 creatures vanquished.

Grand Total: 123 creatures vanquished

Notes
Turn   | Place    | Note
-------+----------+-------------------------------------------
     0 | D:1      | KennySheep the Demigod Transmuter began the quest for the
                  | Orb.
     0 | D:1      | Reached XP level 1. HP: 15/15 MP: 5/5
   216 | D:1      | Reached skill level 1 in Poison Magic
   218 | D:1      | Reached XP level 2. HP: 20/22 MP: 7/7
   785 | D:1      | Reached XP level 3. HP: 27/27 MP: 6/8
  1229 | D:2      | Learned a level 3 spell: Spider Form
  1981 | D:2      | Reached XP level 4. HP: 19/34 MP: 5/9
  2093 | D:2      | Noticed Robin
  2102 | D:2      | Killed Robin
  2593 | D:3      | Found Voucu's Antique Weapon Emporium.
  2595 | D:3      | Noticed an ogre
  2606 | D:3      | Killed an ogre
  2607 | D:3      | Reached XP level 5. HP: 39/39 MP: 3/10
  3042 | D:3      | Found a glowing drain.
  3059 | Sewer    | Entered a sewer
  3079 | Sewer    | Learned a level 2 spell: Wereblood
  3105 | Sewer    | Reached XP level 6. HP: 35/46 MP: 8/11
  3422 | Sewer    | Reached skill level 1 in Fighting
  4031 | D:3      | Found a runed translucent door.
  4032 | D:3      | Noticed Crazy Yiuf
  4296 | D:4      | Found a staircase to the Ecumenical Temple.
  5044 | D:5      | Entered Level 5 of the Dungeon
  5474 | D:5      | Reached XP level 7. HP: 40/53 MP: 9/12
  5479 | D:5      | Slain by a gnoll sergeant

Illustrated notes

Levels and vault maps discovered:
D:1:      shiori_arrival_elements, layout_loops_ring,
          chequers_serial_rivers_small_b, minmay_surrounded
D:2:      layout_loops_ring, serial_glass, glass_columns_b, glass_columns_a,
          uniq_robin
D:3:      layout_rooms, nicolae_overflow_hidden_temple, serial_shops, shop,
          gup_sewer_entry_pipe, ebering_ecumenical_altar_sacrificial,
          uniq_crazy_yiuf_cottage
D:4:      layout_basic, nicolae_ru_awakened_eye, minmay_temple_entry_grid
D:5:      layout_layer_cave

Skill      XL: |  1  2  3  4  5  6 |
---------------+-------------------+-----
Transmutations | 2 3 4 |  4.4
Poison Magic   | 1 2 3 |  3.5
Unarmed Combat | 3 4 |  4.6
Fighting       | 1 |  1.8
Dodging        | 2 |  2.4
Spellcasting   | |  1.7

Action                   |  1- 3 |  4- 6 |  7- 9 || total
-------------------------+-------+-------+-------++-------
Melee: Unarmed           |   186 |   230 |     3 ||   419
       Kick              |    23 |    15 |       ||    38
       Headbutt          |    20 |     9 |       ||    29
       Punch             |     3 |     3 |       ||     6
 Cast: Beastly Appendage |    22 |    11 |       ||    33
       Spider Form       |     2 |    12 |     1 ||    15
       Wereblood         |       |     2 |       ||     2
  Use: Potion            |     1 |     2 |       ||     3
       Scroll            |       |     5 |       ||     5
 Stab: Sleeping          |     3 |       |       ||     3
Armor: Robe              |    33 |    30 |       ||    63
       Skin              |       |     8 |       ||     8
Dodge: Dodged            |   107 |   152 |     7 ||   266

Table legend: (Time is in decaauts)
 A = Elapsed time spent in this place.
 B = Non-inter-level travel time spent in this place.
 C = Inter-level travel time spent in this place.
 D = Time resting spent in this place.
 E = Time spent auto-exploring this place.
 F = Levels seen in this place.
 G = Mean time per level.
                   A        B        C        D        E       F      G
               +--------+--------+--------+--------+--------+-----+--------+
         Total |   5601 |   5412 |    189 |    565 |   3765 |   6 |  933.5 |
       Dungeon |   4677 |   4488 |    189 |    523 |   3032 |   5 |  935.4 |
         Sewer |    923 |    923 |      0 |     42 |    733 |   1 |  923.0 |
               +--------+--------+--------+--------+--------+-----+--------+

Top non-repeatable levels by time:
     D:2: 1383 daAuts
     D:1: 1168 daAuts
     D:4: 1125 daAuts
   Sewer: 923 daAuts
     D:3: 737 daAuts
     D:5: 262 daAuts
